[Event "ICCopen2016"]
[Site "Internet Chess Club"]
[Date "2016.06.04"]
[Round "4"]
[White "YKQ"]
[Black "chigamaster"]
[Result "0-1"]
[ICCResult "White checkmated"]
[WhiteElo "2550"]
[BlackElo "2978"]
[Opening "English opening"]
[ECO "A10"]
[NIC "EO.35"]
[Time "14:33:58"]
[TimeControl "180+0"]

1. c4 g6 2. Nc3 Bg7 3. Nf3 c5 4. d4 cxd4 5. Nxd4 Nc6 6. Nc2 Bxc3+ 7. bxc3
Nf6 8. g3 d6 9. Bg2 Be6 10. Ne3 Rc8 11. Qa4 O-O 12. O-O Na5 13. Rb1 b6 14.
Rd1 Qe8 15. Qa3 Qd7 16. Rd4 Nxc4 17. Nxc4 Rxc4 18. Rxc4 Bxc4 19. Be3 Rc8 20.
Qb2 Bd5 21. f3 Qa4 22. Bd2 Nd7 23. e4 Be6 24. Bg5 f6 25. Bd2 Ne5 26. Be1 Nd3
27. Qd2 Nxe1 28. Rxe1 Qa3 29. Rc1 b5 30. Rc2 a5 31. f4 Qc5+ 32. Kh1 b4 33.
c4 a4 34. f5 b3 35. axb3 axb3 36. Rb2 Bxc4 37. Bh3 g5 38. Bg4 Qe5 39. Bd1
Qxe4+ 40. Kg1 Qxf5 41. h4 Qc5+ 42. Kh2 Qd5 43. Qf2 Qe5 44. hxg5 Qxg5 45. Bf3
Kg7 46. Qg2 Qh6+ 47. Kg1 Qe3+ 48. Kh2 Rc5 49. g4 Qe5+ 50. Kh3 Be6 51. Rf2 h5
52. Kh4 Qg5+ 53. Kh3 hxg4+ 54. Bxg4 Bxg4+ 55. Qxg4 Rc3+ 56. Rf3 Qxg4+ 57.
Kxg4 Rxf3 58. Kxf3 b2 59. Ke4 b1=Q+ 60. Kd5 Qb5+ 61. Ke6 Qe5+ 62. Kd7 d5 63.
Ke8 d4 64. Kd7 d3 65. Kc6 d2 66. Kd7 d1=Q+ 67. Ke8 Qa4+ 68. Kd8 Qd6+ 69. Kc8
Qa8# {White checkmated} 0-1

[Event "ICCopen2016"]
[Site "Internet Chess Club"]
[Date "2016.06.04"]
[Round "4"]
[White "king235"]
[Black "eternalwarrior"]
[Result "0-1"]
[ICCResult "White forfeits on time"]
[WhiteElo "1017"]
[BlackElo "1388"]
[Opening "Sicilian"]
[ECO "B50"]
[NIC "SI.01"]
[Time "14:34:41"]
[TimeControl "180+0"]

1. e4 c5 2. Nf3 d6 3. Bc4 e6 4. d4 cxd4 5. Qxd4 Nc6 6. Qd1 Nf6 7. e5 dxe5 8.
Qxd8+ Kxd8 9. O-O Bc5 10. Rd1+ Ke7 11. Nc3 a6 12. Ne2 b5 13. Bb3 Ng4 14. Ng5
Nxf2 15. Rf1 Ne4+ 16. Kh1 Nxg5 17. Ng3 h6 18. Re1 Bb7 19. Bxg5+ hxg5 20. Ne4
Bb6 21. Nxg5 Rh5 22. Ne4 Rah8 23. h3 Nd4 24. Ng3 Rg5 {White forfeits on
time} 0-1

[Event "ICCopen2016"]
[Site "Internet Chess Club"]
[Date "2016.06.04"]
[Round "4"]
[White "Dare-Dare"]
[Black "paulohaddad"]
[Result "0-1"]
[ICCResult "White resigns"]
[WhiteElo "1870"]
[BlackElo "1678"]
[Opening "Scotch: Mieses variation"]
[ECO "C45"]
[NIC "SO.04"]
[Time "14:34:18"]
[TimeControl "180+0"]

1. e4 e5 2. Nf3 Nc6 3. d4 exd4 4. Nxd4 Nf6 5. Nxc6 bxc6 6. e5 Nd5 7. c4 Nb6
8. Nc3 Bb4 9. Bd2 O-O 10. f4 d5 11. Qf3 Bb7 12. O-O-O Qe7 13. a3 Bc5 14. Qg4
dxc4 15. Ne4 Bxa3 16. Bc3 Nd5 17. Nf6+ Kh8 18. Nxd5 cxd5 19. e6 fxe6 20. Be2
Bd6 21. Rhf1 Qf7 22. g3 c5 23. Be5 Bxe5 24. fxe5 Qg6 25. Qh4 d4 26. Qe7 Rfe8
27. Qxb7 Rab8 28. Qa6 c3 29. b4 cxb4 30. Bd3 Qg5+ 31. Kb1 b3 32. Rc1 c2+ 33.
Bxc2 bxc2+ 34. Ka1 d3 35. Qa2 Qxe5+ {White resigns} 0-1

[Event "ICCopen2016"]
[Site "Internet Chess Club"]
[Date "2016.06.04"]
[Round "4"]
[White "Eraser007"]
[Black "depressnyak"]
[Result "0-1"]
[ICCResult "White resigns"]
[WhiteElo "2178"]
[BlackElo "3135"]
[Opening "Robatsch (modern) defense"]
[ECO "B06"]
[NIC "KF.05"]
[Time "14:34:13"]
[TimeControl "180+0"]

1. e4 g6 2. d4 Bg7 3. Nc3 d6 4. Be3 a6 5. h3 Nd7 6. g4 b5 7. a3 Bb7 8. Bg2
c5 9. Nge2 cxd4 10. Bxd4 Ngf6 11. g5 Nh5 12. Bxg7 Nxg7 13. O-O O-O 14. f4
Nh5 15. Bf3 Ng7 16. h4 Rc8 17. h5 e5 18. h6 Ne6 19. Qxd6 exf4 20. Kf2 Nxg5
21. Rad1 Qb6+ 22. Qxb6 Nxb6 23. Nxf4 Nc4 24. Nfd5 Nxb2 25. Rd2 Nc4 26. Ne7+
Kh8 27. Nxc8 Nxd2 28. Nd6 Nxf1 29. Nxb7 Nxf3 30. Kxf3 Nd2+ 31. Kf4 Nc4 32.
Nd5 Nxa3 33. c3 Nc4 34. e5 a5 35. Nc7 a4 36. Nxb5 a3 37. Nxa3 Nxa3 38. Ke4
g5 39. Nd6 Kg8 40. Kf5 Ra8 41. Kxg5 Ra6 42. Kf6 Rc6 43. Ke7 Rc7+ 44. Ke8 Nc4
45. Nf5 Nxe5 46. Ne7+ Kh8 47. Nd5 Rc5 48. Nf6 Rxc3 49. Ke7 Rc6 50. Kd8 Rxf6
{White resigns}
0-1

[Event "ICCopen2016"]
[Site "Internet Chess Club"]
[Date "2016.06.04"]
[Round "4"]
[White "Govindan"]
[Black "marjose"]
[Result "0-1"]
[ICCResult "White checkmated"]
[WhiteElo "1472"]
[BlackElo "1771"]
[Opening "Konstantinopolsky opening"]
[ECO "C44"]
[NIC "KP.10"]
[Time "14:33:55"]
[TimeControl "180+0"]

1. e4 e5 2. Nf3 Nc6 3. g3 Bc5 4. Bg2 d6 5. O-O Bg4 6. Nc3 Nd4 7. h3 Bh5 8.
g4 Bg6 9. d3 Ne7 10. Nh4 Nec6 11. Nd5 Qxh4 12. Nxc7+ Kd7 13. Nxa8 Rxa8 14.
c3 Ne6 15. d4 exd4 16. cxd4 Ncxd4 17. Be3 h5 18. b4 Bb6 19. a4 a6 20. a5 Ba7
21. Qa4+ Ke7 22. Rac1 hxg4 23. hxg4 Qxg4 24. f3 Nxf3+ 25. Rxf3 Bxe3+ 26.
Rxe3 Nf4 27. Rc7+ Kf8 28. Qc2 Re8 29. Qd3 Qg5 30. Qxd6+ Kg8 31. Kf2 Qxg2+
32. Ke1 Bxe4 33. Re7 Qg1+ 34. Kd2 Qf2+ 35. Kd1 Bc2+ 36. Kc1 Nd3+ 37. Rxd3
Rxe7 38. Qxe7 Bxd3 39. Qe8+ Kh7 40. Qxf7 Qc2# {White checkmated} 0-1

[Event "ICCopen2016"]
[Site "Internet Chess Club"]
[Date "2016.06.04"]
[Round "4"]
[White "Tal-Baron"]
[Black "PITCHUS"]
[Result "1-0"]
[ICCResult "Black forfeits on time"]
[WhiteElo "2767"]
[BlackElo "1876"]
[Opening "Nimzo-Indian: Kmoch variation"]
[ECO "E20"]
[NIC "NI.30"]
[Time "14:33:58"]
[TimeControl "180+0"]

1. d4 Nf6 2. c4 e6 3. Nc3 Bb4 4. f3 b6 5. e4 Bxc3+ 6. bxc3 d6 7. Bd3 e5 8.
Ne2 Nc6 9. O-O O-O 10. Bg5 h6 11. Bh4 g5 12. Bf2 Nh5 13. c5 Nf4 14. Nxf4
gxf4 15. d5 Ne7 16. c6 Ng6 17. g4 fxg3 18. hxg3 Qg5 19. Re1 Nf4 20. Bf1 Nh3+
21. Bxh3 Bxh3 22. Qc1 Qg6 23. Qe3 f5 24. exf5 Bxf5 25. Kg2 Rae8 26. Rh1 Kg7
27. Rh4 e4 28. f4 Rh8 29. Qd2 Reg8 30. Bd4+ Kf7 31. Qe3 Rh7 32. Rah1 Bg4 33.
Kf2 Bf3 34. R1h3 Qf5 35. c4 Rg6 36. a4 Qc8 37. f5 Rg4 38. Rxh6 Rxh6 39. Rxh6
Qxf5 40. Rf6+ Qxf6 41. Bxf6 Kxf6 42. Qh6+ Ke5 43. Qh8+ Kf5 44. Qf8+ Ke5 45.
Qh8+ Kf5 46. Ke3 Rxg3 47. Qf8+ Kg4 48. Qg7+ Kh3 49. Qh7+ Kg2 50. Qxc7
{Black forfeits on time}
1-0

[Event "ICCopen2016"]
[Site "Internet Chess Club"]
[Date "2016.06.04"]
[Round "4"]
[White "ARMCOMPOSER"]
[Black "Art"]
[Result "1-0"]
[ICCResult "Black checkmated"]
[WhiteElo "3004"]
[BlackElo "2174"]
[Opening "Caro-Kann: exchange variation"]
[ECO "B13"]
[NIC "CK.02"]
[Time "14:34:22"]
[TimeControl "180+0"]

1. e4 c6 2. d4 d5 3. exd5 cxd5 4. Nf3 Nf6 5. h3 Nc6 6. Bd3 g6 7. O-O Bg7 8.
Re1 O-O 9. Nc3 Bf5 10. Bf4 Bxd3 11. Qxd3 Rc8 12. a3 a6 13. Ne5 b5 14. Na2
Qb6 15. Nxc6 Qxc6 16. Nb4 Qb7 17. Qe2 Rfe8 18. Be5 e6 19. c3 Nd7 20. Bxg7
Kxg7 21. Nd3 Qc7 22. Qf3 Qc4 23. Re3 a5 24. Rae1 Rc7 25. h4 Nf6 26. Qf4 Rb7
27. g4 Qc7 28. Ne5 h6 29. g5 hxg5 30. hxg5 Nh5 31. Qf3 Rh8 32. Nd3 Kg8 33.
Nc5 Ra7 34. Re5 Ng7 35. Qf6 Nf5 36. Nxe6 fxe6 37. Qxg6+ Ng7 38. f4 Ra8 39.
Rxe6 Rf8 40. Rf6 Qd7 41. f5 Qc7 42. Re5 b4 43. Rxf8+ Kxf8 44. f6 Ne8 45.
Rxe8# {Black checkmated} 1-0

[Event "ICCopen2016"]
[Site "Internet Chess Club"]
[Date "2016.06.04"]
[Round "4"]
[White "MoonlightWizard"]
[Black "Astaneh"]
[Result "1-0"]
[ICCResult "Black resigns"]
[WhiteElo "2942"]
[BlackElo "2732"]
[Opening "Caro-Kann: Steinitz variation"]
[ECO "B17"]
[NIC "CK.05"]
[Time "14:35:43"]
[TimeControl "180+0"]

1. e4 c6 2. d4 d5 3. Nc3 dxe4 4. Nxe4 Nd7 5. Ng5 e6 6. Bc4 Ngf6 7. Qe2 Qe7
8. c3 h6 9. N5f3 g6 10. Ne5 Bg7 11. Ngf3 Nxe5 12. Nxe5 Nd7 13. f4 Nxe5 14.
fxe5 Bd7 15. O-O O-O-O 16. a4 Kb8 17. b4 Bc8 18. b5 cxb5 19. axb5 b6 20. Ba3
Qb7 21. Bd6+ Rxd6 22. exd6 Rd8 23. Qf2 f5 24. Qg3 g5 25. d7+ f4 26. dxc8=R+
Qxc8 27. Qd3 e5 28. Qh7 Qc7 29. dxe5 Rd7 30. Qe4 Bxe5 31. Rad1 Re7 32. Qd5
Re8 33. Qc6 Qxc6 34. bxc6 Bxc3 35. Rd7 Be5 36. Rb7+ Kc8 37. Ba6 Bd4+ 38. Kh1
f3 39. gxf3 {Black resigns} 1-0

[Event "ICCopen2016"]
[Site "Internet Chess Club"]
[Date "2016.06.04"]
[Round "4"]
[White "MasterDanielX"]
[Black "Qualm"]
[Result "0-1"]
[ICCResult "White checkmated"]
[WhiteElo "1995"]
[BlackElo "1698"]
[Opening "French: exchange variation"]
[ECO "C01"]
[NIC "FR.01"]
[Time "14:34:09"]
[TimeControl "180+0"]

1. e4 e6 2. d4 d5 3. exd5 exd5 4. f4 Nf6 5. c3 Bg4 6. Nf3 Ne4 7. Bd3 Be7 8.
Qb3 Bxf3 9. gxf3 Bh4+ 10. Ke2 Nd6 11. Qxd5 O-O 12. Nd2 Re8+ 13. Kd1 Nc6 14.
Ne4 g6 15. Bd2 Nf5 16. Qb5 Rb8 17. Kc2 a6 18. Qc5 Be7 19. Qc4 Na5 20. Qa4 c6
21. c4 b5 22. Qxa5 Nxd4+ 23. Kc1 Qd7 24. Rd1 b4 25. Be3 f5 26. Nc5 Bxc5 27.
Qxc5 Rxe3 28. Bf1 Rd8 29. a3 Nb3+ 30. Kb1 Qxd1+ 31. Ka2 Qxa1# {White
checkmated} 0-1

[Event "ICCopen2016"]
[Site "Internet Chess Club"]
[Date "2016.06.04"]
[Round "4"]
[White "DropZone"]
[Black "PazificDreams"]
[Result "0-1"]
[ICCResult "White forfeits on time"]
[WhiteElo "2090"]
[BlackElo "2691"]
[Opening "King's Indian: London system"]
[ECO "A48"]
[NIC "QP.03"]
[Time "14:34:12"]
[TimeControl "180+0"]

1. d4 Nf6 2. Nf3 g6 3. Bf4 Bg7 4. e3 d6 5. h3 Kf8 6. Be2 b6 7. O-O Bb7 8. c4
Nbd7 9. Nc3 Nh5 10. Bh2 Kg8 11. Rc1 Nhf6 12. a3 a6 13. b4 h6 14. Qb3 Ne4 15.
Nxe4 Bxe4 16. Nd2 Bb7 17. Bf3 Bxf3 18. Nxf3 c5 19. dxc5 bxc5 20. Rfd1 Qc7
21. b5 Kh7 22. a4 Rhb8 23. Bg3 Kg8 24. Rb1 Qa5 25. Ne1 axb5 26. axb5 Qa2 27.
Nd3 Qxb3 28. Rxb3 Ra4 29. Rc1 Rba8 30. Nf4 e6 31. Nd3 Bf8 32. b6 Rb8 33. b7
Be7 34. e4 e5 35. f3 Kf8 36. Bf2 Ke8 37. Be1 Kd8 38. Nb2 Ra7 39. Rd1 Rbxb7
40. Rxb7 Rxb7 41. Nd3 Ra7 42. Rb1 Kc7 43. f4 Bf6 44. fxe5 Bxe5 45. Nxe5 Nxe5
46. Rc1 Ra4 47. Bg3 Rxc4 48. Ra1 Rxe4 49. Ra7+ Kc6 50. Bxe5 Rxe5 51. Rxf7
Re6 52. Rf8 c4 53. g4 g5 54. Kf2 Kd5 55. Rc8 Kd4 56. Kf3 d5 57. h4 Re3+ 58.
Kf2 gxh4 59. Rc6 Rg3 60. Rxh6 Rxg4 61. Rh8 Re4 62. Kf3 c3 63. Rc8 Kd3 64.
Kf2 d4 65. Kf1 Re2 66. Re8 Rxe8 {White forfeits on time} 0-1

[Event "ICCopen2016"]
[Site "Internet Chess Club"]
[Date "2016.06.04"]
[Round "4"]
[White "blackending"]
[Black "Dan83"]
[Result "0-1"]
[ICCResult "White forfeits on time"]
[WhiteElo "1689"]
[BlackElo "1973"]
[Opening "Sicilian: Najdorf, Opocensky variation"]
[ECO "B92"]
[NIC "SI.11"]
[Time "14:33:58"]
[TimeControl "180+0"]

1. e4 c5 2. Nf3 d6 3. d4 cxd4 4. Nxd4 Nf6 5. Nc3 a6 6. Be2 e5 7. Nb3 Be7 8.
Be3 Be6 9. O-O O-O 10. Kh1 Nc6 11. f4 exf4 12. Bxf4 Ne5 13. Nd4 Qc7 14. Nxe6
fxe6 15. Bxe5 dxe5 16. Qe1 Rad8 17. Rd1 Rd4 18. Bd3 Rfd8 19. Qg3 b5 20. a3
Kh8 21. Qh3 Qc6 22. Rde1 b4 23. axb4 Bxb4 24. Qh4 Be7 25. Qh3 Rb8 26. Nd1
Nxe4 27. Bxe4 Rxe4 28. Rxe4 Qxe4 29. Qxe6 Bc5 30. Nc3 Qd4 31. Qxa6 h6 32.
Qe6 Rd8 {White forfeits on time} 0-1

[Event "ICCopen2016"]
[Site "Internet Chess Club"]
[Date "2016.06.04"]
[Round "4"]
[White "vidalnovich"]
[Black "ol4ik"]
[Result "0-1"]
[ICCResult "White resigns"]
[WhiteElo "1693"]
[BlackElo "2231"]
[Opening "QGA: classical, 6...a6"]
[ECO "D27"]
[NIC "QG.07"]
[Time "14:34:21"]
[TimeControl "180+0"]

1. d4 d5 2. c4 dxc4 3. e3 Nf6 4. Bxc4 e6 5. Nf3 c5 6. O-O a6 7. Bb3 Qc7 8.
Nc3 Nc6 9. e4 Ng4 10. d5 Nd4 11. g3 Nxb3 12. axb3 h5 13. d6 Qxd6 14. Nb5 Qc6
15. Qe2 Bd7 16. Nc3 Bd6 17. Bg5 f6 18. Be3 Qc7 19. Rac1 Bc6 20. Nd2 Nxe3 21.
Qxe3 h4 22. Nc4 Be7 23. e5 f5 24. Rc2 O-O-O 25. Nd2 Qb6 26. Na4 Bxa4 27.
bxa4 Kb8 28. Rfc1 hxg3 29. fxg3 g5 30. Nc4 Qc6 31. a5 f4 32. b4 fxe3
{White resigns}
0-1

[Event "ICCopen2016"]
[Site "Internet Chess Club"]
[Date "2016.06.04"]
[Round "4"]
[White "Igrok"]
[Black "OparinGrigoriy"]
[Result "1-0"]
[ICCResult "Black forfeits on time"]
[WhiteElo "3071"]
[BlackElo "2816"]
[Opening "Queen's Indian: Petrosian system"]
[ECO "E12"]
[NIC "QI.04"]
[Time "14:33:58"]
[TimeControl "180+0"]

1. d4 Nf6 2. Nf3 e6 3. c4 b6 4. a3 Bb7 5. Nc3 d5 6. cxd5 Nxd5 7. Bd2 Be7 8.
Qc2 Nd7 9. e4 Nxc3 10. Bxc3 O-O 11. Rd1 Qe8 12. Bc4 c5 13. O-O cxd4 14. Nxd4
Nf6 15. f3 Qc8 16. Qe2 Rd8 17. Kh1 a6 18. Rc1 Qd7 19. Rfd1 Qe8 20. Ba2 Rac8
21. Nxe6 fxe6 22. Bxe6+ Kh8 23. Bxc8 Rxc8 24. Bd4 b5 25. Rxc8 Bxc8 26. Qc2
Be6 27. Bc5 Bd8 28. Qd2 Bc7 29. Bd6 Bb6 30. Be5 Nd7 31. Bc3 Bc5 32. Qg5 Bf8
33. f4 Nf6 34. Bxf6 gxf6 35. Qxf6+ Kg8 36. Rd8 Qf7 37. Qg5+ Qg6 38. Qc5 Qf6
39. Qd6 Kg7 40. Rxf8 Qxf8 41. Qxe6 Qxf4 42. Qd7+ Kg8 43. Qc8+ Kg7 44. Qd7+
Kg8 45. Qd5+ Kg7 46. Qd4+ Kg8 47. Qd5+ Kg7 48. Qd1 {Black forfeits on time}
1-0

[Event "ICCopen2016"]
[Site "Internet Chess Club"]
[Date "2016.06.04"]
[Round "4"]
[White "DrOussedik"]
[Black "Maxbet"]
[Result "0-1"]
[ICCResult "White resigns"]
[WhiteElo "2150"]
[BlackElo "2899"]
[Opening "Grünfeld: exchange variation"]
[ECO "D85"]
[NIC "GI.04"]
[Time "14:34:38"]
[TimeControl "180+0"]

1. d4 Nf6 2. c4 g6 3. Nc3 d5 4. cxd5 Nxd5 5. e4 Nxc3 6. bxc3 Bg7 7. Be3 c5
8. Qd2 O-O 9. Nf3 Qa5 10. Rc1 Bg4 11. Be2 Rd8 12. d5 Nc6 13. c4 Qa3 14. O-O
b6 15. Bh6 Bxh6 16. Qxh6 Bxf3 17. Bxf3 Nd4 18. Bg4 Kh8 19. e5 Rg8 20. Qd2
Rad8 21. f4 f5 22. Bf3 h6 23. Rc3 Qa5 24. Rd3 Qxd2 25. Rxd2 g5 26. Bh5 Kg7
27. g3 b5 28. cxb5 Rxd5 29. Kg2 Rgd8 30. Rfd1 e6 31. a4 g4 32. h3 gxh3+ 33.
Kxh3 Kf8 34. Kg2 Ke7 35. Bf3 R5d7 36. Bh5 c4 37. Rc1 Rc8 38. Bf3 c3 39. Rd3
c2 40. Bc6 Nxc6 41. Rxd7+ Kxd7 42. bxc6+ Rxc6 43. Kf2 Rc3 44. Ke2 a5 45. Kf2
Kc6 {White resigns} 0-1

[Event "ICCopen2016"]
[Site "Internet Chess Club"]
[Date "2016.06.04"]
[Round "4"]
[White "ivancele"]
[Black "RJoseph12"]
[Result "0-1"]
[ICCResult "White forfeits on time"]
[WhiteElo "1502"]
[BlackElo "1341"]
[Opening "QGD Slav defense"]
[ECO "D10"]
[NIC "SL.01"]
[Time "14:34:21"]
[TimeControl "180+0"]

1. d4 d5 2. c4 c6 3. e3 Bf5 4. Nc3 Nd7 5. Nf3 Ngf6 6. b3 e6 7. Bb2 Bb4 8.
Be2 Qa5 9. Rc1 Ne4 10. a3 Bxc3+ 11. Bxc3 Nxc3 12. Qd2 Qxa3 13. Qxc3 Qe7 14.
O-O O-O 15. h3 c5 16. Rfd1 cxd4 17. Nxd4 Bg6 18. cxd5 exd5 19. Qc7 Rac8 20.
Qxb7 Be4 21. Bf3 Rxc1 22. Rxc1 Qd6 23. Bxe4 dxe4 24. Qxa7 Nf6 25. Qa5 Rb8
26. Rb1 h6 27. b4 Qd7 28. b5 Nd5 29. Nc6 Rb7 30. Qd8+ Qxd8 31. Nxd8 Rb8 32.
Nc6 Rb6 33. Rb3 Nf6 34. Kf1 Nd7 35. Nd4 Nc5 {White forfeits on time} 0-1

[Event "ICCopen2016"]
[Site "Internet Chess Club"]
[Date "2016.06.04"]
[Round "4"]
[White "TrendFriend"]
[Black "RussianCowboy"]
[Result "0-1"]
[ICCResult "White checkmated"]
[WhiteElo "2477"]
[BlackElo "2056"]
[Opening "Philidor: Improved Hanham variation"]
[ECO "B07"]
[NIC "PU.08"]
[Time "14:34:20"]
[TimeControl "180+0"]

1. e4 d6 2. d4 Nf6 3. Nc3 e5 4. Nf3 Nbd7 5. Bc4 Be7 6. Bxf7+ Kxf7 7. Ng5+
Kg8 8. Ne6 Qe8 9. Nxc7 Qg6 10. O-O Rb8 11. Be3 b6 12. f3 h6 13. a4 Kh7 14.
a5 Bd8 15. N7b5 Be7 16. Nxa7 Ba6 17. Re1 Bb7 18. axb6 exd4 19. Bxd4 Ne5 20.
Kh1 Nh5 21. Nd5 Bxd5 22. exd5 Bh4 23. Re4 Bf6 24. Nc6 Rb7 25. Nxe5 Bxe5 26.
Bxe5 dxe5 27. Rxe5 Nf4 28. Qd2 Rf8 29. c4 Qxb6 30. Rb1 Qb4 31. Qxb4 Rxb4 32.
h3 Rxc4 33. Re4 Rc5 34. Rd1 Rxd5 35. Rde1 Rb5 36. b4 Nd3 37. Rb1 Rfb8 38.
Rd4 Ne5 39. Re4 Nc6 40. Re6 Nxb4 41. Kh2 Nd3 42. Rd1 Nf4 43. Re4 Rb4 44.
Rdd4 Rxd4 45. Rxd4 g5 46. h4 Rb2 47. hxg5 hxg5 48. Kh1 Nxg2 49. Kg1 Nf4 50.
Kf1 Kg6 51. Ke1 Kf5 52. Ra4 Rb3 53. Kf2 Rb2+ 54. Ke1 Rh2 55. Kf1 Kg6 56. Ke1
Rb2 57. Ra8 Kh5 58. Kd1 Kh4 59. Kc1 Rf2 60. Rg8 Rxf3 61. Kd2 Kg4 62. Ke1
Re3+ 63. Kd2 Rd3+ 64. Kc2 Rd7 65. Rf8 Rc7+ 66. Kb3 Rg7 67. Ka4 Rb7 68. Rxf4+
gxf4 69. Ka5 f3 70. Ka6 Rb1 71. Ka5 f2 72. Ka6 f1=Q+ 73. Ka5 Qb5#
{White checkmated}
0-1

[Event "ICCopen2016"]
[Site "Internet Chess Club"]
[Date "2016.06.04"]
[Round "4"]
[White "BitsofKoin"]
[Black "Alfiavl"]
[Result "1-0"]
[ICCResult "Black forfeits on time"]
[WhiteElo "2345"]
[BlackElo "1942"]
[Opening "Queen's pawn: Torre attack"]
[ECO "A46"]
[NIC "QP.04"]
[Time "14:34:07"]
[TimeControl "180+0"]

1. d4 Nf6 2. Nf3 e6 3. Bg5 Be7 4. e3 O-O 5. c3 d5 6. Nbd2 c5 7. Bd3 Nc6 8.
O-O b6 9. Re1 Bb7 10. Qe2 h6 11. Bh4 Rc8 12. Rad1 cxd4 13. exd4 g5 14. Bg3
Bd6 15. Ne5 Ne7 16. f4 Nf5 17. Bxf5 exf5 18. fxg5 hxg5 19. Rf1 f4 20. Bf2
Ne4 21. Qh5 Kg7 22. h4 Bxe5 23. dxe5 Rh8 24. Qf3 Nxf2 25. Qxf2 Rxh4 26. Nf3
Rh6 27. Nd4 Qd7 28. Qc2 Rch8 29. Nf5+ Kf8 30. Nxh6 Rxh6 31. Rd4 Qc7 32. Qe2
Bc8 33. Rxd5 g4 34. Rxf4 g3 35. Qd3 Qe7 36. Qxg3 Be6 37. Rd6 Rg6 38. Qd3 Qg5
39. Rf2 Qc1+ 40. Qf1 Qh6 41. Qd1 Rg5 42. Rd8+ Kg7 43. Qf3 Rh5 44. Qf6+ Qxf6
45. exf6+ Kg6 46. Rg8+ Kh7 47. Rg7+ Kh8 48. Rd2 Rd5 49. Rxd5 Bxd5 50. Rg5
Be6 51. Rh5+ Kg8 52. Rb5 Kf8 53. Rb4 Ke8 54. Rd4 Bd7 55. Rd2 Be6 56. Kf2 Bc4
57. g4 Bxa2 58. Kg3 {Black forfeits on time} 1-0

[Event "ICCopen2016"]
[Site "Internet Chess Club"]
[Date "2016.06.04"]
[Round "4"]
[White "Kalmyk"]
[Black "shredded"]
[Result "1/2-1/2"]
[ICCResult "Game drawn by mutual agreement"]
[WhiteElo "2967"]
[BlackElo "2806"]
[Opening "Réti opening"]
[ECO "A05"]
[NIC "QP.11"]
[Time "14:34:53"]
[TimeControl "180+0"]

1. Nf3 Nf6 2. g3 b6 3. Bg2 Bb7 4. O-O c5 5. d3 e6 6. e4 d6 7. Nbd2 Nc6 8.
Re1 Be7 9. c3 O-O 10. a3 Re8 11. d4 cxd4 12. cxd4 b5 13. Nb3 Rc8 14. Qd3 Na5
15. Nxa5 Qxa5 16. Bd2 Qb6 17. h4 h6 18. Nh2 a6 19. g4 d5 20. e5 Ne4 21. Nf3
Nxd2 22. Qxd2 b4 23. a4 b3 24. Rec1 Qb4 25. Qxb4 Bxb4 26. Bf1 Rxc1 27. Rxc1
Rc8 28. Rxc8+ Bxc8 29. Be2 Kf8 30. Bd1 a5 31. Bxb3 Ba6 32. Bd1 Bd3 33. Kg2
Be4 34. Kg3 Bxf3 35. Kxf3 g5 36. h5 Ke7 37. Ke3 f6 38. exf6+ Kxf6 39. Bc2 e5
40. Bf5 Bd6 41. Bh7 Bc7 42. Kd3 Bb6 43. dxe5+ Kxe5 44. f3 Bc5 45. Bg8 Bb4
46. Bf7 Bc5 47. Be8 Bb4 48. Bf7 Bc5 49. Kc3 Bb4+ 50. Kd3 Bc5 51. b3 Bb4 52.
Ke3 Bc5+ 53. Ke2 Bb4 54. Kd3 Bc5 55. Ke2 {Game drawn by mutual agreement}
1/2-1/2

[Event "ICCopen2016"]
[Site "Internet Chess Club"]
[Date "2016.06.04"]
[Round "4"]
[White "eagle1"]
[Black "SIRPALADIN"]
[Result "0-1"]
[ICCResult "White forfeits on time"]
[WhiteElo "1305"]
[BlackElo "1907"]
[Opening "Sicilian: closed"]
[ECO "B23"]
[NIC "SI.44"]
[Time "14:34:31"]
[TimeControl "180+0"]

1. e4 c5 2. Nc3 a6 3. g3 b5 4. a3 Bb7 5. Bg2 f5 6. d3 Nf6 7. Nge2 b4 8. axb4
cxb4 9. Na2 fxe4 10. dxe4 Qb6 11. O-O Bxe4 12. Bxe4 Nxe4 13. Be3 Qb7 14. c3
bxc3 15. bxc3 e6 16. Rb1 Qc8 17. Qc1 Nc6 18. f3 Nf6 19. Nd4 Bc5 20. Kg2 O-O
21. Nxc6 Qxc6 22. Nb4 Qc7 23. Nd3 Bxe3 24. Qxe3 Nd5 25. Qd2 Qxc3 26. Qxc3
Nxc3 27. Rb3 Nd5 28. Kf2 Rab8 29. Rfb1 Rxb3 30. Rxb3 Rc8 31. Ne5 Nf6 32. Rb2
Kf8 33. h4 Ke7 34. Ra2 Ra8 35. g4 a5 36. g5 Nd5 37. Nc4 a4 38. Ra3 Nf4 39.
Kg3 Ne2+ 40. Kf2 Nc1 41. Ne5 Nb3 42. Kg3 Nc5 43. Nc4 d6 44. Nb6 Ra6 45. Nc4
d5 46. Nb2 Kd6 47. Kf4 e5+ 48. Kf5 Ne6 49. h5 Nd4+ 50. Kg4 Ra7 51. Nd3 Rf7
52. Ne1 Rf4+ 53. Kg3 Ne2+ 54. Kf2 Nc1 {White forfeits on time} 0-1

[Event "ICCopen2016"]
[Site "Internet Chess Club"]
[Date "2016.06.04"]
[Round "4"]
[White "HungryFarseer"]
[Black "Lucas"]
[Result "0-1"]
[ICCResult "White forfeits on time"]
[WhiteElo "1706"]
[BlackElo "2327"]
[Opening "Queen's Indian: Petrosian system"]
[ECO "E12"]
[NIC "QI.04"]
[Time "14:34:39"]
[TimeControl "180+0"]

1. d4 Nf6 2. c4 e6 3. Nf3 b6 4. a3 Bb7 5. Nc3 Be7 6. d5 O-O 7. e4 d6 8. Bd3
e5 9. O-O Nbd7 10. Bc2 a5 11. Bd2 Nc5 12. b4 Ncd7 13. Nb5 Ba6 14. Qe2 Ne8
15. Rfc1 g6 16. Qe1 f5 17. bxa5 Nc5 18. axb6 cxb6 19. exf5 gxf5 20. Bc3 Bxb5
21. cxb5 Bf6 22. Bxf5 Ng7 23. Bh3 Nd3 24. Qe4 Nxc1 25. Rxc1 Rxa3 26. Nd2 Bg5
27. Bb2 Ra2 28. Qc2 Qf6 29. Rf1 Qf4 30. Ne4 Rxb2 31. Qxb2 Qxe4 32. Qc3 Qxd5
33. Qg3 Bf4 34. Qh4 Qf7 35. Qg4 Qg6 36. Qe2 Nf5 37. Qa2+ Kh8 38. Qd5 Nh4 39.
g3 Bh6 40. Kh1 Nf3 41. Bg2 Qh5 42. Bxf3 Qxf3+ {White forfeits on time} 0-1

[Event "ICCopen2016"]
[Site "Internet Chess Club"]
[Date "2016.06.04"]
[Round "4"]
[White "Panesso"]
[Black "Zebbile"]
[Result "1-0"]
[ICCResult "Black forfeits on time"]
[WhiteElo "2239"]
[BlackElo "1748"]
[Opening "Alekhine's defense: exchange variation"]
[ECO "B03"]
[NIC "AL.08"]
[Time "14:34:54"]
[TimeControl "180+0"]

1. e4 Nf6 2. e5 Nd5 3. d4 d6 4. c4 Nb6 5. exd6 cxd6 6. Nc3 g6 7. Be3 Bg7 8.
Rc1 O-O 9. b3 Nc6 10. Be2 d5 11. c5 Nd7 12. f4 e6 13. Nf3 Nf6 14. h3 Nh5 15.
O-O Ng3 16. Re1 Nxe2+ 17. Rxe2 a6 18. a3 b5 19. cxb6 Qxb6 20. Na4 Qb5 21.
Rc5 Qb7 22. b4 Na7 23. Rec2 Nb5 24. Qa1 Rd8 25. Nc3 Bf8 26. a4 Bxc5 27. dxc5
Nxc3 28. Qxc3 Bd7 29. Qf6 e5 30. Nxe5 Be6 31. Bd4 Qxb4 32. Ng4 Qe1+ 33. Kh2
Kf8 34. c6 Bxg4 35. Qg7+ Ke7 36. Bf6+ Ke6 37. hxg4 Re8 38. Bg5
{Black forfeits on time}
1-0

[Event "ICCopen2016"]
[Site "Internet Chess Club"]
[Date "2016.06.04"]
[Round "4"]
[White "dafresh"]
[Black "Danyuffa"]
[Result "0-1"]
[ICCResult "White forfeits on time"]
[WhiteElo "2218"]
[BlackElo "1981"]
[Opening "Alekhine's defense: modern, fianchetto variation"]
[ECO "B04"]
[NIC "AL.04"]
[Time "14:34:39"]
[TimeControl "180+0"]

1. e4 Nf6 2. e5 Nd5 3. d4 d6 4. Nf3 g6 5. Be2 Bg7 6. O-O O-O 7. c4 Nb6 8.
exd6 cxd6 9. b3 Bg4 10. Bb2 Nc6 11. Nbd2 d5 12. Ne5 Nxe5 13. dxe5 Bxe2 14.
Qxe2 Rc8 15. Rfd1 e6 16. Ne4 Qh4 17. Nd6 Rb8 18. Rac1 Rfd8 19. g3 Qh5 20.
Qxh5 gxh5 21. c5 Nd7 22. f4 h4 23. c6 bxc6 24. Rxc6 hxg3 25. hxg3 Rb6 26.
Rdc1 Bf8 27. Rc8 Rb8 28. Rxb8 Rxb8 29. Rc7 Nf6 30. Nxf7 Ne4 31. f5 exf5 32.
e6 Re8 33. Rc6 Rxe6 34. Rxe6 Kxf7 35. Ra6 Bc5+ 36. Kg2 Bb6 37. b4 d4 38. a4
d3 39. Kf3 d2 40. Ke2 Be3 41. Ra5 Nxg3+ 42. Kd1 f4 {White forfeits on time}
0-1